 Dungeon Crawl Stone Soup version 0.31-a0-949-g57150269e1 (webtiles) character file.

Game seed: 12919462613654674187

6678 mortress the Mimic (level 10, -7/88 HPs)
             Began as a Black Draconian Shapeshifter on Oct 20, 2023.
             Was a Priest of Cheibriados.
             Mangled by a centaur warrior
             ... wielding a +0 rapier
              (16 damage)
             ... on level 8 of the Dungeon on Oct 21, 2023.
             The game lasted 00:40:17 (9709 turns).

mortress the Mimic (Black Draconian Shapeshifter)   Turns: 9709, Time: 00:40:17

Health: -7/88      AC:  7    Str: 28    XL:     10   Next: 73%
Magic:  7/12       EV: 18    Int: 19    God:    Cheibriados [***...]
Gold:   424        SH:  0    Dex: 25    Spells: 9/9 levels left

rFire   . .          .
                       - Unarmed
rCold   . . .        (no shield)
rNeg    . . .        (body armour unavailable)
rPois   .            (helmet currently unavailable)
rElec   +            (cloak currently unavailable)
rCorr   .            (gloves currently unavailable)
SInv    .            (boots currently unavailable)
Will    .....        j - amulet of the acrobat
Stlth   ++           q - +6 ring of dexterity
HPRegen 0.34/turn    (no ring)
MPRegen 0.13/turn

%: acrobat
@: beast-form, very slow
A: beast (slay +4), breathe lightning, AC +7, unfitting armour, electricity
resistance, cold-blooded
a: Breathe Lightning, Begin Untransformation, Renounce Religion, Bend Time,
Temporal Distortion


You were on level 8 of the Dungeon.
You worshipped Cheibriados.
Cheibriados was most pleased with you.
You were a hulking beast.
You visited 2 branches of the dungeon, and saw 9 of its levels.

You collected 424 gold pieces.

Inventory:

Missiles
 e - 41 stones
 m - 16 poisoned darts
 x - 3 curare-tipped darts
 A - 7 throwing nets
Jewellery
 j - an amulet of the acrobat (around neck)
 q - a +6 ring of dexterity (left hand)
Talismans
 b - a beast talisman (active)
 c - a flux talisman
 s - a storm talisman
Wands
 v - a wand of quicksilver (13)
 y - a wand of flame (17)
Scrolls
 f - 2 scrolls of teleportation
 g - 4 scrolls of amnesia {unknown}
 h - a scroll of blinking {unknown}
 i - 7 scrolls of vulnerability {unknown}
 l - 2 scrolls of noise {unknown}
 n - a scroll of torment {unknown}
 o - a scroll of acquirement {unknown}
 t - a scroll of enchant armour {unknown}
 w - 2 scrolls of identify
 B - a scroll of brand weapon {unknown}
 E - a scroll of fog {unknown}
 F - a scroll of revelation {unknown}
 G - a scroll of silence {unknown}
Potions
 a - a potion of lignification
 d - a potion of attraction
 k - 2 potions of magic
 p - a potion of mutation
 r - 2 potions of resistance
 u - 2 potions of brilliance
 D - a potion of haste


   Skills:
 + Level 8.0 Fighting
 + Level 6.9 Dodging
 + Level 7.8 Unarmed Combat
 + Level 2.7 Invocations
 * Level 10.0 Shapeshifting


You had 9 spell levels left.
You didn't know any spells.
Your spell library contained the following spells:

 Spells                   Type           Power      Damage    Failure   Level
 Freeze                   Ice            0%         1d3       21%         1
 Sandblast                Erth           0%         2d4       21%         1
 Summon Small Mammal      Summ           0%         N/A       21%         1
 Passwall                 Tmut/Erth      0%         N/A       30%         2
 Call Canine Familiar     Summ           0%         N/A       52%         3
 Dazzling Flash           Conj/Hex       0%         N/A       52%         3
 Frozen Ramparts          Ice            0%         1d1       52%         3
 Hailstorm                Conj/Ice       0%         3d3       52%         3
 Stone Arrow              Conj/Erth      0%         3d7       52%         3
 Summon Guardian Golem    Hex/Summ       0%         N/A       52%         3
 Volatile Blastmotes      Fire/Tloc      0%         2d10      52%         3
 Brom's Barrelling Bould  Conj/Erth      0%         2d3       90%         4
 Starburst                Conj/Fire      0%         6d3       100%        6
 Maxwell's Capacitive Co  Air            0%         ∞         100%        8


Dungeon Overview and Level Annotations

Branches:
Dungeon (8/15)             Temple (1/1) D:4
   Lair: D:8-11

Altars:
Ashenzari
Cheibriados
Elyvilon
Fedhas
Nemelex Xobeh
Okawaru
Qazlal
Ru
Uskayaw
Wu Jian
Xom
Yredelemnul
Zin
The Shining One

Shops:
D:6 *

Annotations:
D:7 exclusion: troll


Innate Abilities, Weirdness & Mutations

You are a hulking beast.
Your limbs bulge with bestial killing power. (Slay +4)
You can breathe wild blasts of lightning.
Your glossy black scales are hard. (AC +7)
You cannot fit into any form of body armour.
You are resistant to electric shocks. (rElec)
You are cold-blooded and may be slowed by cold attacks.


Message History

The cyclops hits you!!
You hit the cyclops but do no damage. You tail-slap the cyclops.
The cyclops is moderately wounded.
You punch the cyclops! You tail-slap the cyclops!
The cyclops is severely wounded.
The cyclops hits you!!
You hit the cyclops.
The cyclops is severely wounded.
You hit the cyclops. You tail-slap the cyclops.
The cyclops is almost dead.
The cyclops hits you but does no damage.
You punch the cyclops!
You kill the cyclops!
Your Fighting skill increases to level 8!
Your Shapeshifting skill increases to level 10!
The centaur warrior unwields a +0 orcbow.
The centaur warrior wields a +0 rapier.
The centaur warrior completely misses you.
The centaur warrior kicks you but does no damage.
You hit the centaur warrior.
You tail-slap the centaur warrior, but do no damage.
The centaur warrior is lightly wounded.
The centaur warrior hits you with a +0 rapier!
The centaur warrior kicks you but does no damage.
You punch the centaur warrior!
The centaur warrior is moderately wounded.
The centaur warrior hits you with a +0 rapier!
* * * LOW HITPOINT WARNING * * *
The centaur warrior completely misses you.
You punch the centaur warrior! x2
The centaur warrior is severely wounded.
The centaur warrior hits you with a +0 rapier.
* * * LOW HITPOINT WARNING * * *
The centaur warrior kicks you.
* * * LOW HITPOINT WARNING * * *
Okay, then.
You punch the centaur warrior!
The centaur warrior is almost dead.
The centaur warrior hits you with a +0 rapier!
You die...

#..# ##..# ##..# #.)#
#..#.. #..###..## ##..#
...##.. ##.....## #..##
### #... #.##### ##....
#... #.# ##..#.. #...
#.# ###...... ## ...
..#####...###..
.#####c#####.....#..)...
.......h....†.).######.#
##.......#.####.# #..
#.#####...# #.# ### #.#
#.### #.## #.# #.# #..#
#.# #.# ##.# #.#####.#
#.# #.# #.......# #.#
#># #.......# ##.#


You could see a centaur warrior.

Vanquished Creatures
  A hydra (D:8)
  A boulder beetle (D:8)
  A deep elf pyromancer (D:8)
  A cyclops (D:8)
  A vampire (D:8)
  2 steam dragons (D:6)
  3 water moccasins
  2 orc warriors
  An ice beast (D:6)
  2 ogres (D:4)
  2 black bears
  3 sky beasts
  2 centaurs (D:8)
  A kobold brigand (D:6)
  2 phantoms (D:5)
  7 bullfrogs
  6 gnoll sergeants
  2 scorpions
  4 electric eels (D:7)
  A bullfrog zombie (D:6)
  A centaur zombie (D:6)
  16 hounds
  A jelly (D:3)
  3 orc priests
  4 gnoll boudas
  4 iguanas
  4 orc wizards
  3 sleepcaps
  28 gnolls
  12 adders
  2 ufetubi (D:6)
  3 worms
  12 dart slugs
  13 orcs
  7 ball pythons
  7 bats
  9 endoplasms
  9 giant cockroaches
  4 goblins
  7 hobgoblins
  3 jackals (D:6)
  10 kobolds
  2 frilled lizards
  7 rats
216 creatures vanquished.

Vanquished Creatures (others)
  2 gnolls (D:6)
2 creatures vanquished.

Grand Total: 218 creatures vanquished

Notes
Turn   | Place    | Note
-------+----------+-------------------------------------------
     0 | D:1      | mortress the Draconian Shapeshifter began the quest for the
                  | Orb.
     0 | D:1      | Reached XP level 1. HP: 16/16 MP: 1/1
   157 | D:1      | Reached XP level 2. HP: 23/23 MP: 2/2
   362 | D:1      | Found a faded altar of an unknown god.
   776 | D:2      | Reached XP level 3. HP: 24/29 MP: 3/3
  1358 | D:2      | Reached XP level 4. HP: 32/36 MP: 4/4
  2007 | D:3      | Reached skill level 4 in Shapeshifting
  2059 | D:3      | Reached XP level 5. HP: 29/42 MP: 5/5
  2245 | D:3      | Found a faded altar of an unknown god.
  2250 | D:3      | Found a snail-covered altar of Cheibriados.
  2277 | D:3      | Found a sacrificial altar of Ru.
  2371 | D:3      | Noticed a sky beast
  2384 | D:3      | Killed a sky beast
  2544 | D:3      | Reached XP level 6. HP: 42/51 MP: 6/6
  2961 | D:4      | Reached skill level 5 in Shapeshifting
  2983 | D:4      | Found a staircase to the Ecumenical Temple.
  3013 | Temple   | Entered the Ecumenical Temple
  3130 | D:4      | Your scales start taking on a glossy black colour.
  3130 | D:4      | Reached XP level 7. HP: 51/57 MP: 7/7
  3130 | D:4      | Gained mutation: You are resistant to electric shocks.
                  | (rElec) [Black Draconian growth]
  4335 | D:3      | Became a worshipper of Cheibriados the Contemplative
  4409 | D:5      | Entered Level 5 of the Dungeon
  4421 | D:5      | Reached skill level 6 in Shapeshifting
  4519 | D:5      | Reached skill level 5 in Unarmed Combat
  4519 | D:5      | Reached XP level 8. HP: 37/67 MP: 8/8
  4930 | D:5      | Found a shimmering altar of Xom.
  5141 | D:5      | Reached * piety under Cheibriados
  5142 | D:5      | Reached skill level 5 in Fighting
  5223 | D:5      | Reached skill level 7 in Shapeshifting
  5726 | D:5      | Reached skill level 5 in Dodging
  5814 | D:6      | Reached XP level 9. HP: 53/75 MP: 9/9
  5830 | D:6      | Upgraded the game from 0.31-a0-940-gdaa99269f9 to
                  | 0.31-a0-949-g57150269e1
  5990 | D:5      | Reached ** piety under Cheibriados
  6474 | D:6      | Found Xaestrun's General Store.
  6558 | D:6      | Reached skill level 8 in Shapeshifting
  6892 | D:6      | Found a glowing golden altar of the Shining One.
  7078 | D:6      | Reached *** piety under Cheibriados
  7583 | D:6      | Found a basalt altar of Yredelemnul.
  8400 | D:7      | Noticed a troll
  8462 | D:7      | Reached XP level 10. HP: 85/86 MP: 10/10
  8489 | D:7      | Reached skill level 9 in Shapeshifting
  8598 | D:7      | Found a broken altar of Ashenzari.
  8598 | D:7      | Found a blossoming altar of Fedhas.
  8758 | D:8      | Found an iron altar of Okawaru.
  8798 | D:8      | Reached **** piety under Cheibriados
  9118 | D:8      | Noticed a deep elf pyromancer
  9118 | D:8      | Noticed a six-headed hydra
  9118 | D:8      | Noticed a centaur warrior
  9180 | D:8      | Killed a six-headed hydra
  9181 | D:8      | Reached skill level 1 in Invocations
  9215 | D:8      | Noticed a cyclops
  9300 | D:8      | Noticed a boulder beetle
  9341 | D:8      | Killed a boulder beetle
  9676 | D:8      | Killed a deep elf pyromancer
  9704 | D:8      | Killed a cyclops
  9705 | D:8      | Reached skill level 10 in Shapeshifting
  9709 | D:8      | Mangled by a centaur warrior

Illustrated notes

Levels and vault maps discovered:
D:1:      wander_arrival_fairy_ring, layout_basic,
          hellmonk_ecumenical_altar_leap_of_faith
D:2:      layout_basic, dreamdust_princess_corridor, minmay_misc_feat_roman,
          nrook_mini_backslash
D:3:      layout_basic, nicolae_ru_path_of_blood,
          nicolae_overflow_ecumenical_swirl, serial_co_window_serial,
          co_window_corner_a, co_window_corner_a, co_window_paths_a,
          co_window_paths_a, co_window_of_opportunity_a, co_window_paths_c,
          co_window_of_opportunity_b, co_window_2corner, glass_columns_b,
          glass_columns_b, glass_columns_a, glass_columns_a, grunt_ministairs_7,
          dk_noncrumbling_3
D:4:      minmay_angry_zag, layout_rooms, minmay_temple_entry_grid,
          serial_co_window_serial, co_window_paths_b, co_window_paths_b,
          co_window_of_opportunity_a, co_window_cross_1, co_window_corner_a,
          co_window_paths_a, co_window_corner_a, co_window_2corner,
          co_window_broadway_c, co_window_broadway_b, glass_columns_a,
          glass_columns_a, glass_columns_c, serial_bayou_pond_c
D:5:      layout_loops_ring, lemuel_round_altar, minmay_starry_boxes
D:6:      layout_cave_pools, lemuel_zombie_altar_yredelemnul, tso_metal_star,
          serial_gnoll_camp, gnoll_camp_huts_basic, gnoll_camp_medium_01,
          gnoll_camp_mini_shop, gnoll_camp_mini_house, grunt_tough_drop
D:7:      kennysheep_slugbush, layout_basic, nicolae_overflow_two_pavilions,
          minmay_misc_feat_secret_circle
D:8:      minmay_the_grid_plus_closed [minmay_the_grid_tiny_cups,
          minmay_the_grid_minigrid_large, minmay_the_grid_outer_circle,
          minmay_the_grid_large_cup,
          minmay_the_grid_prize_four_corners_diamond_b], layout_loops_cross,
          okawaru_gym_becter
Temple:   hellmonk_temple_flake

Skill      XL: |  1  2  3  4  5  6  7  8  9 10 |
---------------+-------------------------------+-----
Dodging        | 2 3 4 5 6 |  6.9
Fighting       | 2 3 4 5 7 8 |  8.0
Shapeshifting  | 4 5 6 7 8 10 | 10.0
Unarmed Combat | 4 5 6 7 |  7.8
Invocations    | 2 |  2.7

Action                     |  1- 3 |  4- 6 |  7- 9 | 10-12 || total
---------------------------+-------+-------+-------+-------++-------
  Melee: Unarmed           |    91 |   123 |   435 |    93 ||   742
         Tailslap          |     6 |    15 |    83 |    15 ||   119
         Punch             |     3 |     5 |    14 |     9 ||    31
 Invoke: Bend Time         |       |       |     1 |       ||     1
         Slouch            |       |       |       |     1 ||     1
         Temporal Distorti |       |       |       |     1 ||     1
Ability: Breathe Lightning |       |       |     3 |       ||     3
  Evoke: Wand              |       |       |       |     6 ||     6
    Use: Scroll            |       |       |     6 |     1 ||     7
         Potion            |       |       |       |     5 ||     5
   Stab: Sleeping          |     3 |     1 |     2 |       ||     6
         Distracted        |       |       |       |     3 ||     3
 Armour: Skin              |    39 |    58 |   253 |    56 ||   406
  Dodge: Dodged            |    46 |    47 |   430 |    87 ||   610

Table legend: (Time is in decaauts)
 A = Elapsed time spent in this place.
 B = Non-inter-level travel time spent in this place.
 C = Inter-level travel time spent in this place.
 D = Time resting spent in this place.
 E = Time spent auto-exploring this place.
 F = Levels seen in this place.
 G = Mean time per level.
                   A        B        C        D        E       F      G
               +--------+--------+--------+--------+--------+-----+--------+
         Total |  11048 |  10776 |    272 |   1039 |   7298 |   9 | 1227.6 |
       Dungeon |  10844 |  10573 |    271 |    854 |   7298 |   8 | 1355.5 |
        Temple |    204 |    203 |      1 |    185 |      0 |   1 |  204.0 |
               +--------+--------+--------+--------+--------+-----+--------+

Top non-repeatable levels by time:
     D:6: 2204 daAuts
     D:4: 1574 daAuts
     D:7: 1451 daAuts
     D:5: 1427 daAuts
     D:8: 1253 daAuts
     D:2: 1120 daAuts
     D:3: 1056 daAuts
     D:1: 755 daAuts
  Temple: 204 daAuts
